 Dungeon Crawl Stone Soup version 0.21.1-1-g345015f (webtiles) character file.

645 Fang the Chopper (level 7, 0/44 HPs)
             Began as a Gargoyle Berserker on July 26, 2018.
             Was a Priest of Trog.
             Killed by divine providence
             ... invoked by an orc priest
              (12 damage)
             ... on level 5 of the Dungeon.
             The game lasted 00:06:55 (3800 turns).

Fang the Chopper (Gargoyle Berserker)               Turns: 3800, Time: 00:06:56

Health: 0/44       AC:  7    Str: 24    XL:     7   Next: 52%
Magic:  0/7        EV: 13    Int:  8    God:    Trog [***...]
Gold:   162        SH:  0    Dex:  9    Spells: 6/6 levels left

rFire    + . .     SeeInvis .   x - +1 hand axe (flame)
rCold    . . .     Gourm    .   (no shield)
rNeg     + . .     Faith    .   b - +0 animal skin
rPois    ∞         Spirit   +   (no helmet)
rElec    +         Reflect  .   (no cloak)
rCorr    .         Harm     .   (no gloves)
MR       .....     Rnd*Tele +   (no boots)
Stlth    +.........             o - amulet of guardian spirit
HPRegen  0.14/turn              e - ring of poison resistance
MPRegen  0.10/turn              t - ring of Dout Pas {*Tele rElec rF+ Str+2}

@: no status effects
A: negative energy resistance 1, electricity resistance, unbreathing,
petrification resistance, rot immunity, AC +4
a: Berserk, Trog's Hand, Burn Spellbooks, Renounce Religion


You were on level 5 of the Dungeon.
You worshipped Trog.
Trog was most pleased with you.
You were not hungry.

You visited 1 branch of the dungeon, and saw 5 of its levels.

You collected 162 gold pieces.

Inventory:

Hand Weapons
 a - a +0 hand axe
 x - a +1 hand axe of flaming (weapon)
Armour
 b - a +0 animal skin (worn)
Jewellery
 e - a ring of poison resistance (left hand)
 o - an amulet of guardian spirit (around neck)
 t - the ring of Dout Pas (right hand) {*Tele rElec rF+ Str+2}
   (You found it on level 4 of the Dungeon)

   [ring of teleportation]

   It may teleport you next to monsters.
   It affects your strength (+2).
   It protects you from fire.
   It insulates you from electricity.
 v - an uncursed ring of magical power {unknown}
Scrolls
 d - 4 scrolls of enchant armour {unknown}
 f - 6 scrolls of remove curse {unknown}
 g - 7 scrolls of identify {unknown}
 h - 3 scrolls of teleportation {unknown}
 i - a scroll of random uselessness {unknown}
 j - 3 scrolls of enchant weapon {unknown}
 k - 2 scrolls of fear {unknown}
 p - a scroll of magic mapping {unknown}
 q - 2 scrolls of amnesia {unknown}
 s - a scroll of fog {unknown}
Potions
 l - 2 potions of lignification {unknown}
 m - a potion of flight {unknown}
 n - 2 potions of heal wounds {unknown}
 r - a potion of curing {unknown}
Books
 u - a book of Minor Magic

   Spells                             Type                      Level
   a - Magic Dart                     Conjuration                  1
   b - Blink                          Translocation                2
   c - Call Imp                       Summoning                    2
   d - Slow                           Hexes                        2
   e - Conjure Flame                  Conjuration/Fire             3
   f - Mephitic Cloud                 Conjuration/Poison/Air       3
   Trog disapproves of the use of such an item.
Comestibles
 c - 6 rations


   Skills:
 + Level 5.1 Fighting
 + Level 5.8 Axes
 + Level 2.3 Armour
 + Level 3.5 Dodging
 + Level 1.2 Stealth


You had 6 spell levels left.
You didn't know any spells.

Dungeon Overview and Level Annotations

Branches:
Dungeon (5/15)
 Temple: D:4-7

Altars:
Dithmenos
Hepliaklqana
Qazlal


Innate Abilities, Weirdness & Mutations

You are resistant to torment.
Your stone body is resilient. (AC +4)
You are immune to poison.
You resist negative energy. (rN+)
You are resistant to electric shocks. (rElec)
You can survive without breathing.
You are immune to petrification.
You are immune to rotting.


Message History

Beogh smites you!
You barely miss the orc priest.
The orc priest is almost dead.
The orc priest calls down the wrath of Beogh upon you.
Beogh smites you!
* * * LOW HITPOINT WARNING * * *
You are too injured to fight recklessly!
You are too injured to fight recklessly!
You are too injured to fight recklessly!
You are too injured to fight recklessly!
You are too injured to fight recklessly!
You are too injured to fight recklessly!
You are too injured to fight recklessly!
You are too injured to fight recklessly!
You are too injured to fight recklessly!
You are too injured to fight recklessly!
You are too injured to fight recklessly!
The orc priest invokes the aid of Beogh against you.
Beogh smites you!
You die...

######## #......#
#......######
#....?......#
#...........+
###....@o.....#
#....##'#######
#.............#
#.............#
#.............#..
#....##.#........
.....##.#.######.#..
.......)............
#.###..##+##.####.#..


You could see an orc priest.

Vanquished Creatures
  The ghost of DCrawler215 the Magician, an amateur DEFE (D:4)
  An ogre (D:5)
  The ghost of Tinamil the Sneak, an amateur SpEn (D:3)
  2 orc priests (D:3)
  2 orc wizards (D:3)
  Natasha (thrice) (D:3)
  2 worker ants (D:4)
  5 adders
  A shadow imp (D:5)
  An ooze (D:4)
  An adder zombie (D:5)
  4 worms
  3 leopard geckos
  16 orcs
  3 giant cockroaches
  8 goblins
  4 hobgoblins
  4 jackals (D:4)
  12 kobolds
  A ball python (D:3)
  2 bats
  3 frilled lizards
  A leopard gecko skeleton (D:4)
  5 rats
86 creatures vanquished.

Notes
Turn   | Place    | Note
-------+----------+-------------------------------------------
     0 | D:1      | Fang the Gargoyle Berserker began the quest for the Orb.
     0 | D:1      | Reached XP level 1. HP: 14/14 MP: 1/1
    79 | D:1      | Reached XP level 2. HP: 19/19 MP: 2/2
   988 | D:2      | Found a stormy altar of Qazlal.
  1039 | D:2      | Reached XP level 3. HP: 12/24 MP: 3/3
  1269 | D:2      | Reached ** piety under Trog
  1654 | D:3      | Reached XP level 4. HP: 25/29 MP: 4/4
  1732 | D:3      | Noticed Natasha
  1747 | D:3      | Killed Natasha
  1975 | D:3      | Noticed Natasha
  1982 | D:3      | Killed Natasha
  1983 | D:3      | Reached XP level 5. HP: 19/33 MP: 2/5
  1985 | D:3      | Noticed Tinamil's ghost (amateur SpEn)
  2553 | D:4      | Noticed DCrawler215's ghost (amateur DEFE)
  2563 | D:4      | Killed DCrawler215's ghost
  2563 | D:4      | Reached skill level 1 in Stealth
  2563 | D:4      | Reached XP level 6. HP: 39/39 MP: 4/6
  2801 | D:4      | Got a fine granite ring
  2818 | D:4      | Identified the ring of Dout Pas {*Tele rElec rF+ Str+2} (You found it on level 4 of the Dungeon)
  3104 | D:3      | Killed Tinamil's ghost
  3104 | D:3      | Reached skill level 5 in Axes
  3207 | D:3      | Noticed Natasha
  3212 | D:3      | Killed Natasha
  3212 | D:3      | Reached XP level 7. HP: 36/44 MP: 7/7
  3299 | D:3      | Reached *** piety under Trog
  3338 | D:3      | Found a hazy altar of Hepliaklqana.
  3375 | D:3      | Found a shadowy altar of Dithmenos.
  3386 | D:3      | Reached skill level 5 in Fighting
  3687 | D:5      | Entered Level 5 of the Dungeon
  3800 | D:5      | Killed from afar by an orc priest

Skill      XL: |  1  2  3  4  5  6  7 |
---------------+----------------------+-----
Axes           | 3 4 5 |  5.8
Fighting       | 4 5 |  5.1
Dodging        | 2 3 |  3.5
Stealth        | 1 |  1.2
Armour         | |  2.3

Action                   |  1- 3 |  4- 6 |  7- 9 || total
-------------------------+-------+-------+-------++-------
Melee: Hand axe          |   108 |   158 |    57 ||   323
Invok: Berserk           |     1 |     4 |     1 ||     6
 Stab: Sleeping          |     1 |       |       ||     1
  Eat: Chunk             |     2 |     3 |     3 ||     8
       Ration            |       |     2 |       ||     2
Armor: Animal skin       |    42 |    58 |    10 ||   110
Dodge: Dodged            |    71 |   126 |    26 ||   223
